General information
- name: BNet
- type: Ladder 1vs1/FFA
- host: Battle.net
- saver: BEAR_AND
map: TurtleRock
- players: 2
- length: 34:35
- speed: Fast
- version: 1.21 W3XP
- replay type:

» download(142 KB)
Players
team 1 (loser)
obi_one. (
yellow | 104 APM | 3587 actions | 34:33)
5 Death Knight
3 Death Coil
2 Unholy Aura
4 Lich
2 Frost Nova
2 Frost Armor
2 Dreadlord
1 Sleep
1 Carrion Swarm
» actions
| Assign group hotkey | 53 | |
| Basic commands | 259 | |
| Build / train | 110 | |
| ESC pressed | 5 | |
| Enter build submenu | 29 | |
| Enter hero's abilities submenu | 11 | |
| Give item / drop item | 12 | |
| Right click | 1180 | |
| Select / deselect | 626 | |
| Select group hotkey | 1173 | |
| Use ability | 129 | |
3587 total
» units
| Acolyte | 16 | |
| Ghoul | 11 | |
| Gargoyle | 14 | |
| Obsidian Statue | 4 | |
| Abomination | 9 | |
| Crypt Fiend | 4 | |
58 total
» upgrades
| Creature Attack | 1 | |
| Destroyer Form | 1 | |
| Stone Form | 1 | |
| Disease Cloud | 1 | |
| Creature Carapace | 1 | |
| Unholy Strength | 2 | |
| Unholy Armor | 2 | |
| Ghoul Frenzy | 1 | |
10 total
» buildings
| Crypt | 2 | |
| Ziggurat | 10 | |
| Altar of Darkness | 1 | |
| Tomb of Relics | 1 | |
| Nerubian Tower | 1 | |
| Halls of the Dead | 5 | |
| Graveyard | 1 | |
| Slaughterhouse | 2 | |
| Black Citadel | 5 | |
| Spirit Tower | 6 | |
| Necropolis | 3 | |
| Sacrificial Pit | 1 | |
38 total
» build order
00:09 Crypt
00:11 Ziggurat
00:39 Altar of Darkness
01:03 Ziggurat
01:39 Tomb of Relics
02:24 Nerubian Tower
03:00 Halls of the Dead
03:01 Halls of the Dead
03:01 Halls of the Dead
03:01 Halls of the Dead
03:55 Ziggurat
04:25 Graveyard
04:42 Crypt
06:11 Ziggurat
06:26 Slaughterhouse
08:34 Black Citadel
08:34 Black Citadel
08:35 Black Citadel
08:35 Black Citadel
08:50 Ziggurat
10:03 Spirit Tower
11:20 Necropolis
11:59 Ziggurat
12:07 Ziggurat
12:52 Ziggurat
12:54 Spirit Tower
13:04 Spirit Tower
13:51 Spirit Tower
14:19 Ziggurat
16:17 Spirit Tower
17:49 Slaughterhouse
18:19 Sacrificial Pit
18:50 Spirit Tower
21:02 Necropolis
22:33 Ziggurat
23:13 Necropolis
» items
| Rod of Necromancy | 1 | |
| Scroll of Healing | 3 | |
| Orb of Corruption | 1 | |
| Scroll of Town Portal | 4 | |
| Potion of Healing | 1 | |
10 total
team 2 (winner)
BEAR_AND (
red | 167 APM | 5774 actions | 34:35)
6 Demon Hunter
3 Mana Burn
2 Evasion
1 Metamorphosis
6 Pandaren Brewmaster
3 Breath of Fire
2 Drunken Haze
1 Storm Earth and Fire
» actions
| Assign group hotkey | 40 | |
| Basic commands | 2 | |
| Build / train | 132 | |
| Enter build submenu | 30 | |
| Enter hero's abilities submenu | 13 | |
| Give item / drop item | 9 | |
| Remove unit from queue | 11 | |
| Right click | 2632 | |
| Select / deselect | 769 | |
| Select group hotkey | 1918 | |
| Use ability | 216 | |
5774 total
» units
| Wisp | 35 | |
| Archer | 1 | |
| Druid of the Claw | 1 | |
| Dryad | 20 | |
| Chimaera | 4 | |
61 total
» upgrades
| Ultravision | 1 | |
| Druid of the Claw Training | 2 | |
| Abolish Magic | 1 | |
| Strength of the Wild | 3 | |
| Reinforced Hides | 3 | |
| Mark of the Claw | 1 | |
| Well Spring | 1 | |
| Nature's Blessing | 1 | |
| Corrosive Breath | 1 | |
14 total
» buildings
| Altar of Elders | 1 | |
| Moon Well | 6 | |
| Ancient of War | 1 | |
| Tree of Ages | 8 | |
| Ancient of Wonders | 1 | |
| Hunter's Hall | 1 | |
| Ancient of Lore | 2 | |
| Tree of Eternity | 1 | |
| Tree of Life | 8 | |
| Ancient of Wind | 1 | |
| Chimaera Roost | 2 | |
32 total
» build order
00:08 Altar of Elders
00:17 Moon Well
00:33 Ancient of War
02:24 Tree of Ages
02:24 Tree of Ages
03:13 Moon Well
03:45 Moon Well
04:06 Ancient of Wonders
04:23 Hunter's Hall
05:05 Moon Well
05:34 Ancient of Lore
05:36 Ancient of Lore
07:52 Tree of Eternity
14:38 Moon Well
14:39 Moon Well
15:35 Tree of Life
20:11 Tree of Life
23:13 Tree of Life
23:26 Tree of Life
23:29 Tree of Life
24:26 Ancient of Wind
26:34 Chimaera Roost
26:35 Chimaera Roost
29:40 Tree of Life
32:51 Tree of Life
33:20 Tree of Life
» items
| Boots of Speed | 1 | |
| Staff of Preservation | 2 | |
| Dust of Appearance | 1 | |
| Orb of Venom | 1 | |
| Lesser Clarity Potion | 2 | |
| Scroll of Healing | 3 | |
| Potion of Lesser Invulnerability | 3 | |
| Scroll of Town Portal | 4 | |
| Potion of Healing | 2 | |
19 total
Chat log
(25:18 / All) BEAR_AND: ty
(32:41 / All) BEAR_AND: leave